 Dungeon Crawl Stone Soup version 0.22-a0-161-g198051c (webtiles) character file.

20099 b5mith the Fencer (level 12, -3/110 HPs)
             Began as a Minotaur Fighter on Feb 11, 2018.
             Shot with an arrow by Nessos (4 damage)
             ... on level 14 of the Dungeon.
             The game lasted 01:10:21 (13094 turns).

b5mith the Fencer (Minotaur Fighter)               Turns: 13094, Time: 01:10:21

Health: -3/110     AC: 14    Str: 27    XL:     12   Next: 42%
Magic:  11/11      EV: 10    Int:  5    God:
Gold:   374        SH: 14    Dex:  9    Spells: 7/11 levels left

rFire    . . .     SeeInvis .   i - +2 long sword (elec) (curse)
rCold    + . .     Gourm    .   c - +1 shield
rNeg     + . .     Faith    .   I - +1 acid dragon scales
rPois    .         Spirit   .   (helmet restricted)
rElec    .         Reflect  .   L - +0 cloak
rCorr    +         Harm     +   t - +0 pair of gloves
MR       .....                  r - +0 pair of boots
Stlth    +.........             u - amulet of harm
HPRegen  0.28/turn              g - ring of protection from cold
MPRegen  0.12/turn              q - ring of positive energy

@: lethally poisoned (-3 -> -20), very slightly contaminated
A: retaliatory headbutt, horns 2
a: no special abilities


You were on level 14 of the Dungeon.
You were not hungry.

You visited 1 branch of the dungeon, and saw 14 of its levels.

You collected 776 gold pieces.
You spent 402 gold pieces at shops.

Inventory:

Hand Weapons
 e - a +4 long sword
 i - a cursed +2 long sword of electrocution (weapon)
Armour
 c - a +1 shield (worn)
 r - a +0 pair of boots (worn)
 t - a +0 pair of gloves (worn)
 I - +1 acid dragon scales (worn)
 L - a +0 cloak (worn)
Jewellery
 g - a ring of protection from cold (left hand)
 p - an uncursed amulet of guardian spirit
 q - a ring of positive energy (right hand)
 u - an amulet of harm (around neck)
 y - an uncursed amulet of the acrobat {unknown}
 C - an uncursed ring of protection from cold
 M - an uncursed ring of ice {unknown}
 P - a cursed ring of teleportation {unknown}
 R - the ring of Phasing {EV+8}
   (You took it off an orc on level 11 of the Dungeon)

   [ring of evasion]

   It affects your evasion (+8).
 S - an uncursed ring of magical power {unknown}
Wands
 z - a wand of polymorph (11)
 B - a wand of iceblast (14)
 F - a wand of digging (5)
 H - a wand of clouds (8)
 O - a wand of random effects (15)
Scrolls
 a - 2 scrolls of immolation
 m - 3 scrolls of magic mapping
 n - 4 scrolls of fog
 s - a scroll of amnesia
 v - a scroll of blinking
 w - 2 scrolls of noise
 x - a scroll of acquirement {unknown}
 E - a scroll of random uselessness {unknown}
 J - 2 scrolls of teleportation
 K - a scroll of vulnerability {unknown}
 Q - 2 scrolls of identify {@r1}
 W - a scroll of torment
Potions
 d - 2 potions of magic
 k - a potion of flight
 l - 4 potions of lignification
 o - a potion of degeneration {unknown}
 D - a potion of cancellation
 G - 2 potions of resistance
 X - a potion of curing {unknown}
 Y - 2 potions of agility {unknown}
Books
 h - a book of Air

   Spells                             Type                      Level
   a - Shock                          Conjuration/Air              1
   b - Swiftness                      Charms/Air                   2
   c - Static Discharge               Conjuration/Air              3
   d - Airstrike                      Air                          4
   e - Lightning Bolt                 Conjuration/Air              5
 j - a book of Party Tricks

   Spells                             Type                      Level
   a - Summon Butterflies             Summoning                    1
   b - Apportation                    Translocation                1
   c - Lesser Beckoning               Translocation                3
   d - Tukima's Dance                 Hexes                        3
   e - Alistair's Intoxication        Transmutation/Poison         5
   f - Invisibility                   Hexes                        6
 A - a book of Conjurations

   Spells                             Type                      Level
   a - Magic Dart                     Conjuration                  1
   b - Searing Ray                    Conjuration                  2
   c - Dazzling Spray                 Conjuration/Hexes            3
   d - Fulminant Prism                Conjuration/Hexes            4
   e - Force Lance                    Conjuration/Translocation    4
   f - Iskenderun's Mystic Blast      Conjuration                  4
 N - a book of Minor Magic

   Spells                             Type                      Level
   a - Magic Dart                     Conjuration                  1
   b - Blink                          Translocation                2
   c - Call Imp                       Summoning                    2
   d - Slow                           Hexes                        2
   e - Conjure Flame                  Conjuration/Fire             3
   f - Mephitic Cloud                 Conjuration/Poison/Air       3
 U - a book of Flames

   Spells                             Type                      Level
   a - Flame Tongue                   Conjuration/Fire             1
   b - Throw Flame                    Conjuration/Fire             2
   c - Conjure Flame                  Conjuration/Fire             3
   d - Inner Flame                    Hexes/Fire                   3
   e - Sticky Flame                   Conjuration/Fire             4
   f - Fireball                       Conjuration/Fire             5
Miscellaneous
 T - a lamp of fire
 V - a phial of floods
Comestibles
 f - 17 rations


   Skills:
 + Level 11.6 Fighting
 * Level 15.1 Long Blades
 + Level 11.5 Armour
 * Level 11.6 Shields


You had 7 spell levels left.
You knew the following spells:

 Your Spells              Type           Power        Failure   Level  Hunger
a - Magic Dart            Conj           #...         67%         1    ##.....
b - Shock                 Conj/Air       #...         67%         1    ##.....
c - Summon Butterflies    Summ           #.......     67%         1    ##.....
d - Apportation           Tloc           #.....       67%         1    ##.....


Dungeon Overview and Level Annotations

Branches:
Dungeon (14/15)            Temple (0/1) D:6            Lair (0/6) D:11
    Orc (0/2) D:9
 Vaults: D:13-14

Altars:
Elyvilon
Yredelemnul
The Shining One

Shops:
D:7 }!*   D:9 ?   D:10 *   D:11 =

Annotations:
D:9 exclusion: downstairs
D:14 Nessos


Innate Abilities, Weirdness & Mutations

You reflexively headbutt those who attack you in melee.
You have a pair of horns on your head.


Message History

The arrow burns you.
* * * LOW HITPOINT WARNING * * *
You see here an arrow.
* * * LOW HITPOINT WARNING * * *
You feel very sick.
Nessos shoots an arrow.
The arrow barely misses you.
You see here an arrow.
* * * LOW HITPOINT WARNING * * *
You feel sick.
Nessos shoots an arrow.
The arrow hits you!
* * * LOW HITPOINT WARNING * * *
The arrow burns you.
* * * LOW HITPOINT WARNING * * *
You see here an arrow.
* * * LOW HITPOINT WARNING * * *
You feel sick.
* * * LOW HITPOINT WARNING * * *
You feel sick.
* * * LOW HITPOINT WARNING * * *
You feel sick.
Nessos shoots an arrow.
The arrow hits you.
You die...

#....# +....#
#....#####
+........#
######...#
#.<.# #...#
#.### #@# #.#
#.# ## ## #(#
#.###.# #(###
##.#.##
#.((###.#.#.##
#.c.(((((.(..#
#.........ยง..#
#............#


You could see Nessos.

Vanquished Creatures
  Erolcha (D:10)
  A centaur warrior (D:13)
  4 two-headed ogres
  Nergalle (D:11)
  An unseen horror (D:12)
  A manticore (D:12)
  A cyclops (D:13)
  2 ugly things
  2 centaur zombies (D:12)
  A gargoyle (D:10)
  5 trolls
  2 hippogriffs
  2 shadows
  A spriggan (D:8)
  A wyvern (D:10)
  15 yaks
  The ghost of Caerwyn the Ducker, an amateur FeIE (D:4)
  2 wraiths
  6 vampire mosquitoes (D:13)
  Grum (D:11)
  A basilisk (D:13)
  4 wargs (D:9)
  Edmund (D:4)
  An acid dragon (D:11)
  4 orc warriors
  2 porcupines
  A hornet zombie (D:10)
  2 necrophages
  3 sky beasts
  An ice beast (D:13)
  3 ogres
  5 phantoms
  9 centaurs
  3 wolves (D:11)
  A black bear (D:9)
  4 crocodiles (D:11)
  2 big kobolds
  2 bullfrogs
  5 scorpions
  3 killer bees (D:7)
  3 howler monkeys
  9 wights
  6 crimson imps
  2 jellies
  2 bullfrog zombies
  5 hounds
  10 orc priests
  A bullfrog skeleton (D:4)
  8 orc wizards
  3 centaur skeletons
  2 iguanas (D:11)
  13 worker ants
  A mummy (D:5)
  A worker ant zombie (D:9)
  8 adders
  2 shadow imps
  2 oozes
  2 adder skeletons
  4 worms
  3 dart slugs
  5 leopard geckos
  48 orcs
  2 ball pythons
  5 bats
  6 giant cockroaches
  8 goblins
  3 hobgoblins (D:1)
  22 jackals
  3 quokkas
  7 frilled lizards
  A giant cockroach zombie (D:6)
  2 jackal skeletons
  24 kobolds
  3 kobold zombies (D:5)
  An orc zombie (D:5)
  A quokka skeleton (D:4)
  3 rats
  3 plants (D:11)
342 creatures vanquished.

Vanquished Creatures (others)
  A bush (D:11)
  3 fungi (D:11)
  12 plants (D:11)
16 creatures vanquished.

Grand Total: 358 creatures vanquished

Notes
Turn   | Place    | Note
-------+----------+-------------------------------------------
     0 | D:1      | b5mith the Minotaur Fighter began the quest for the Orb.
     0 | D:1      | Reached XP level 1. HP: 19/19 MP: 0/0
   308 | D:1      | Reached XP level 2. HP: 22/27 MP: 1/1
   405 | D:1      | Reached skill level 3 in Long Blades
   676 | D:2      | Found a faded altar of an unknown god.
   710 | D:2      | Reached XP level 3. HP: 33/33 MP: 2/2
   801 | D:2      | Reached XP level 4. HP: 39/40 MP: 3/3
  1240 | D:3      | Reached skill level 4 in Long Blades
  1435 | D:3      | Reached XP level 5. HP: 34/47 MP: 4/4
  1491 | D:3      | Found a glowing golden altar of the Shining One.
  1672 | D:3      | Found a white marble altar of Elyvilon.
  2080 | D:4      | Noticed Caerwyn's ghost (amateur FeIE)
  2107 | D:4      | Killed Caerwyn's ghost
  2107 | D:4      | Reached skill level 5 in Long Blades
  2107 | D:4      | Reached skill level 5 in Shields
  2107 | D:4      | Reached XP level 6. HP: 22/55 MP: 5/5
  2185 | D:4      | Reached skill level 5 in Fighting
  2185 | D:4      | Reached skill level 5 in Armour
  2245 | D:4      | Noticed Edmund
  2260 | D:4      | HP: 1/56 [Edmund/dire flail of protection (12)]
  2320 | D:4      | Killed Edmund
  2320 | D:4      | Reached skill level 6 in Long Blades
  2320 | D:4      | Reached XP level 7. HP: 13/61 MP: 6/6
  3546 | D:5      | Entered Level 5 of the Dungeon
  3636 | D:5      | Reached skill level 7 in Long Blades
  3685 | D:5      | Reached XP level 8. HP: 70/70 MP: 7/7
  4020 | D:5      | Reached skill level 8 in Long Blades
  4779 | D:6      | Found a staircase to the Ecumenical Temple.
  4995 | D:7      | Noticed a hippogriff
  5003 | D:7      | Killed a hippogriff
  5003 | D:7      | Reached skill level 9 in Long Blades
  5140 | D:7      | Reached XP level 9. HP: 79/79 MP: 8/8
  5242 | D:7      | Found Qaevad's Assorted Antiques.
  5251 | D:7      | Bought 2 scrolls labeled ZANYLA MOPH for 60 gold pieces
  5251 | D:7      | Bought a metallic coppery potion for 27 gold pieces
  5251 | D:7      | Bought a potion of might for 120 gold pieces
  5251 | D:7      | Bought a potion of lignification for 90 gold pieces
  5275 | D:7      | Found Test's Gadget Shoppe.
  5625 | D:7      | Found Goask's Distillery.
  5868 | D:7      | Reached skill level 10 in Long Blades
  6075 | D:8      | Noticed a two-headed ogre
  6085 | D:8      | Killed a two-headed ogre
  6388 | D:8      | Noticed a two-headed ogre
  6395 | D:8      | Killed a two-headed ogre
  6395 | D:8      | Reached skill level 11 in Long Blades
  6395 | D:8      | Reached XP level 10. HP: 63/90 MP: 9/9
  6582 | D:8      | Found a basalt altar of Yredelemnul.
  6975 | D:8      | Learned a level 1 spell: Magic Dart
  6977 | D:8      | Learned a level 1 spell: Shock
  7043 | D:9      | Found Jecwes's Magic Scroll Emporium.
  7208 | D:9      | Found a staircase to the Orcish Mines.
  7479 | D:9      | Noticed a two-headed ogre
  7853 | D:8      | Killed a two-headed ogre
  8015 | D:9      | Reached skill level 12 in Long Blades
  8219 | D:9      | Bought a scroll of enchant weapon for 105 gold pieces
  8793 | D:10     | Entered Level 10 of the Dungeon
  8798 | D:10     | Noticed Erolcha
  9055 | D:10     | Killed Erolcha
  9098 | D:10     | Learned a level 1 spell: Summon Butterflies
  9100 | D:10     | Learned a level 1 spell: Apportation
  9123 | D:10     | Reached XP level 11. HP: 80/99 MP: 10/10
  9226 | D:10     | Reached skill level 10 in Shields
  9259 | D:10     | Found Ollellat's Assorted Antiques.
  9390 | D:10     | Reached skill level 13 in Long Blades
  9390 | D:10     | Reached skill level 10 in Armour
  9482 | D:10     | Reached skill level 10 in Fighting
 10373 | D:11     | Found a staircase to the Lair.
 10477 | D:11     | Found Soxty's Jewellery Boutique.
 10485 | D:11     | Noticed Nergalle
 10494 | D:11     | Killed Nergalle
 10825 | D:11     | Noticed a cyan ugly thing
 10837 | D:11     | Killed a cyan ugly thing
 10841 | D:11     | Noticed Grum
 10848 | D:11     | Killed Grum
 11212 | D:11     | You fall through a shaft for 2 floors!
 11212 | D:13     | Noticed a centaur warrior
 11212 | D:13     | Noticed a purple ugly thing
 11228 | D:12     | Killed a purple ugly thing
 11228 | D:12     | Reached skill level 14 in Long Blades
 11659 | D:12     | Killed an unseen horror
 12062 | D:12     | Reached XP level 12. HP: 107/110 MP: 11/11
 12192 | D:13     | Killed a centaur warrior
 12213 | D:13     | Noticed a two-headed ogre
 12234 | D:13     | Killed a two-headed ogre
 12240 | D:13     | Reached skill level 15 in Long Blades
 13080 | D:14     | Noticed Nessos
 13092 | D:14     | HP: 5/110 [poisoned by Nessos]
 13094 | D:14     | HP: 1/110 [poisoned by Nessos]
 13094 | D:14     | Shot with an arrow by Nessos

Vault maps used:
D:1:      lightli_arrival_windingriver
D:2:      first_ration, chequers_ecumenical_altar_island
D:3:      elyvilon_altar_1, tso_metal_star
D:4:      uniq_edmund
D:5:      minmay_mini_ossuary
D:6:      minmay_temple_entry_butterflies
D:7:      serial_shops, shop, shop, shop
D:8:      serial_co_window_serial, co_window_of_opportunity_a,
          co_window_corner_a, co_window_paths_a, co_window_corner_a,
          co_window_corner_a, co_window_broadway_c, co_window_corner_b,
          co_window_broadway_a, co_window_paths_e, glass_columns_c, the_bakery,
          yredelemnul_altar_generic
D:9:      minmay_orc_entry_guard_dogs, serial_shops, shop, serial_column_ruins,
          column_ruins_hut_ruined, column_ruins_hut,
          column_ruins_corridor_corner, column_ruins_open_small,
          column_ruins_open_tiny, column_ruins_columns_straight,
          column_ruins_corridor_corner, column_ruins_corridor_corner
D:10:     serial_shops, kennysheep_mini, uniq_erolcha
D:11:     minmay_lair_entry_grove, serial_shops, shop, uniq_grum, uniq_nergalle
D:14:     hangedman_vaults_entry_quadrant_bands, serial_shops, shop,
          roderic_roman_lattice, uniq_nessos

Skill      XL: |  1  2  3  4  5  6  7  8  9 10 11 12 |
---------------+-------------------------------------+-----
Long Blades    | 3 4 5 6 7 9 11 12 14 15 | 15.1
Shields        | 4 5 6 7 8 9 11 | 11.6
Fighting       | 4 5 6 7 8 9 11 | 11.6
Armour         | 4 5 6 7 8 9 11 | 11.5

Action                   |  1- 3 |  4- 6 |  7- 9 | 10-12 || total
-------------------------+-------+-------+-------+-------++-------
Melee: Long sword        |    84 |   198 |   293 |   452 ||  1027
       Headbutt          |     9 |    29 |    49 |    87 ||   174
Throw: Stone             |    52 |    16 |       |       ||    68
       Tomahawk          |       |       |    51 |    47 ||    98
       Javelin           |       |       |       |    55 ||    55
  Use: Scroll            |       |     3 |    16 |     8 ||    27
       Potion            |       |     9 |     3 |     2 ||    14
  Eat: Ration            |       |     2 |     4 |     5 ||    11
       Chunk             |       |       |       |     4 ||     4
Armor: Scale mail        |    40 |    81 |    59 |    43 ||   223
       Skin              |       |     1 |    21 |       ||    22
       Acid dragon scale |       |       |       |    45 ||    45
Dodge: Dodged            |    32 |    34 |    62 |    91 ||   219
Block: Shield            |    52 |   108 |   147 |   230 ||   537
       Rpst.: Long sword |     7 |     8 |    15 |    16 ||    46

Table legend:
 A = Spawn XP
 B = Non-spawn XP
 C = Spawn XP percentage of total XP
 D = Spawn monster count
 E = Non-spawn monster count
 F = Spawn count percentage of total count
 G = Total turns spent on level
                    A         B        C        D         E        F      G
               +---------+---------+-------+---------+---------+-------+---------
         Total |       0 |   28714 |   0.0 |       0 |     339 |   0.0 | 13094
               +---------+---------+-------+---------+---------+-------+---------
           D:1 |       0 |      39 |   0.0 |       0 |      21 |   0.0 |   622
           D:2 |       0 |      81 |   0.0 |       0 |      15 |   0.0 |   599
           D:3 |       0 |     198 |   0.0 |       0 |      34 |   0.0 |  1285
           D:4 |       0 |     747 |   0.0 |       0 |      17 |   0.0 |  1040
           D:5 |       0 |     960 |   0.0 |       0 |      29 |   0.0 |   755
           D:6 |       0 |     304 |   0.0 |       0 |      16 |   0.0 |   558
           D:7 |       0 |    1415 |   0.0 |       0 |      22 |   0.0 |  1183
           D:8 |       0 |    3256 |   0.0 |       0 |      22 |   0.0 |  1419
           D:9 |       0 |    2641 |   0.0 |       0 |      47 |   0.0 |  1672
          D:10 |       0 |    3122 |   0.0 |       0 |      21 |   0.0 |   907
          D:11 |       0 |    5459 |   0.0 |       0 |      35 |   0.0 |  1172
          D:12 |       0 |    3841 |   0.0 |       0 |      16 |   0.0 |   866
          D:13 |       0 |    6651 |   0.0 |       0 |      44 |   0.0 |   979
               +---------+---------+-------+---------+---------+-------+---------
